 Dungeon Crawl Stone Soup version 0.26-a0-639-g72c4674329 (webtiles) character file.

Game seed: 17828812516002148010

329 Peloso the Shield-Bearer (level 6, -2/53 HPs)
             Began as a Gnoll Fighter on Sept 19, 2020.
             Killed by nerve-wracking pain
             ... invoked by an orc priest
              (14 damage)
             ... on level 3 of the Dungeon.
             The game lasted 00:03:56 (2124 turns).

Peloso the Shield-Bearer (Gnoll Fighter)            Turns: 2124, Time: 00:03:57

Health: -2/53      AC: 10    Str: 21    XL:     6   Next: 50%
Magic:  9/9        EV:  7    Int: 10    God:
Gold:   111        SH: 15    Dex: 14    Spells: 9/9 levels left

rFire    x . .     SeeInvis .   a - +0 long sword
rCold    + . .     Faith    .   c - +0 kite shield
rNeg     . . .     Spirit   .   k - +0 chain mail
rPois    .         Reflect  .   (no helmet)
rElec    .         Harm     .   (no cloak)
rCorr    .         Rampage  .   (no gloves)
MR       .....                  (no boots)
Stlth    ..........             (no amulet)
HPRegen  0.17/turn              d - ring of ice
MPRegen  0.11/turn              (no ring)

@: flying
A: distributed training, fangs 1, large bone plates 1, blurry vision 2, strong
nose
a: no special abilities


You were on level 3 of the Dungeon.
You visited 1 branch of the dungeon, and saw 3 of its levels.

You collected 111 gold pieces.

Inventory:

Hand Weapons
 a - a +0 long sword (weapon)
Missiles
 i - 54 bolts
Armour
 b - a +0 scale mail
 c - a +0 kite shield (worn)
 k - a +0 chain mail (worn)
Jewellery
 d - a ring of ice (left hand)
Scrolls
 e - 2 scrolls of enchant armour {unknown}
 f - 2 scrolls of teleportation {unknown}
 h - 2 scrolls of remove curse {unknown}
 j - a scroll of enchant weapon {unknown}
 l - a scroll of immolation {unknown}
 m - a scroll of amnesia {unknown}
 n - 2 scrolls of identify {unknown}


   Skills:
 + Level 6.8 Fighting
 + Level 2.0 Short Blades
 + Level 5.0 Long Blades
 + Level 2.0 Axes
 + Level 2.0 Maces & Flails
 + Level 2.0 Polearms
 + Level 2.0 Staves
 + Level 2.0 Slings
 + Level 2.0 Bows
 + Level 2.0 Crossbows
 + Level 2.0 Throwing
 + Level 6.8 Armour
 + Level 2.0 Dodging
 + Level 2.0 Stealth
 + Level 6.8 Shields
 + Level 2.0 Unarmed Combat
 + Level 2.0 Spellcasting
 + Level 1.5 Conjurations
 + Level 1.5 Hexes
 + Level 1.5 Summonings
 + Level 1.5 Necromancy
 + Level 1.5 Translocations
 + Level 1.5 Transmutations
 + Level 1.5 Fire Magic
 + Level 1.5 Ice Magic
 + Level 1.5 Air Magic
 + Level 1.5 Earth Magic
 + Level 1.5 Poison Magic
 + Level 2.2 Invocations
 + Level 2.0 Evocations


You had 9 spell levels left.
You didn't know any spells.
Your spell library was empty.

Dungeon Overview and Level Annotations

Branches:
Dungeon (3/15)

Altars:


Innate Abilities, Weirdness & Mutations

Your experience applies equally to all skills.
You have very sharp teeth.
Your uncanny sense of smell can sniff out nearby items.
You are partially covered in large bone plates. (SH +4)
Scrolls take you longer to read.


Message History

The orc priest is lightly wounded.
The orc completely misses you.
You hit the orc priest.
The orc priest is moderately wounded.
The orc priest mumbles some strange prayers to Beogh against you.
Pain shoots through your body! The orc hits you but does no damage.
The orc priest calls down the wrath of Beogh upon you.
Beogh smites you!
* * * LOW HITPOINT WARNING * * *
It was a potion of mutation.
You feel extremely strange.
Your vision blurs. x2
Large bone plates grow over parts of your arms.
The orc priest barely misses you. The orc barely misses you.
An orc comes into view.
It was a potion of flight.
You feel very buoyant.
You fly up into the air.
You block the orc's attack.
The orc priest invokes the aid of Beogh against you.
Pain shoots through your body!
You die...

.♣ ####
♣...###>o
♣..o..o# #@#
♣..####o#
.o.....o#####.#
♣..####...:....
#.####### #.#
#.# #.#
##.########.####
.


You could see 2 orc priests and 3 orcs.

Vanquished Creatures
  An ice beast (D:2)
  A worker ant (D:3)
  Terence (D:3)
  7 adders
  4 gnolls (D:3)
  4 worms
  4 dart slugs
  2 leopard geckos
  3 orcs (D:3)
  5 bats
  2 giant cockroaches (D:1)
  7 goblins
  5 hobgoblins
  4 jackals (D:1)
  5 kobolds
  A quokka (D:2)
  A ball python (D:1)
  7 frilled lizards
  4 rats
68 creatures vanquished.

Notes
Turn   | Place    | Note
-------+----------+-------------------------------------------
     0 | D:1      | Peloso the Gnoll Fighter began the quest for the Orb.
     0 | D:1      | Reached XP level 1. HP: 23/23 MP: 1/1
    70 | D:1      | Reached XP level 2. HP: 28/29 MP: 2/2
   437 | D:1      | Reached XP level 3. HP: 33/35 MP: 3/3
   780 | D:2      | Noticed an ice beast
   787 | D:2      | Killed an ice beast
   787 | D:2      | Reached skill level 1 in Short Blades
   787 | D:2      | Reached skill level 1 in Axes
   787 | D:2      | Reached skill level 1 in Maces & Flails
   787 | D:2      | Reached skill level 1 in Polearms
   787 | D:2      | Reached skill level 1 in Staves
   787 | D:2      | Reached skill level 1 in Slings
   787 | D:2      | Reached skill level 1 in Bows
   787 | D:2      | Reached skill level 1 in Crossbows
   787 | D:2      | Reached skill level 1 in Throwing
   787 | D:2      | Reached skill level 1 in Dodging
   787 | D:2      | Reached skill level 1 in Stealth
   787 | D:2      | Reached skill level 1 in Unarmed Combat
   787 | D:2      | Reached skill level 1 in Spellcasting
   787 | D:2      | Reached skill level 1 in Conjurations
   787 | D:2      | Reached skill level 1 in Hexes
   787 | D:2      | Reached skill level 1 in Summonings
   787 | D:2      | Reached skill level 1 in Necromancy
   787 | D:2      | Reached skill level 1 in Translocations
   787 | D:2      | Reached skill level 1 in Transmutations
   787 | D:2      | Reached skill level 1 in Fire Magic
   787 | D:2      | Reached skill level 1 in Ice Magic
   787 | D:2      | Reached skill level 1 in Air Magic
   787 | D:2      | Reached skill level 1 in Earth Magic
   787 | D:2      | Reached skill level 1 in Poison Magic
   787 | D:2      | Reached skill level 1 in Invocations
   787 | D:2      | Reached skill level 1 in Evocations
   787 | D:2      | Reached XP level 4. HP: 41/41 MP: 4/6
   787 | D:2      | Reached XP level 5. HP: 47/47 MP: 4/7
  1505 | D:3      | Noticed Terence
  1534 | D:3      | Killed Terence
  1539 | D:3      | Reached XP level 6. HP: 38/53 MP: 8/8
  1834 | D:3      | Reached skill level 5 in Long Blades
  2123 | D:3      | Gained mutation: Scrolls take you a little longer to read.
                  | [potion of mutation]
  2123 | D:3      | Gained mutation: Scrolls take you longer to read. [potion
                  | of mutation]
  2123 | D:3      | Gained mutation: You are partially covered in large bone
                  | plates. (SH +4) [potion of mutation]
  2124 | D:3      | Killed from afar by an orc priest

Illustrated notes

Levels and vault maps discovered:
D:1:      dpeg_arrival_yet_another_circle, layout_basic
D:2:      layout_loops_ring
D:3:      layout_loops_cross, lemuel_zombie_altar_yredelemnul,
          gammafunk_ghost_split, chequers_ecumenical_altar_grove, uniq_terence,
          uniq_crazy_yiuf_cottage

Skill      XL: |  1  2  3  4  5  6 |
---------------+-------------------+-----
Short Blades   | 1 2 |  2.0
Axes           | 1 2 |  2.0
Maces & Flails | 1 2 |  2.0
Polearms       | 1 2 |  2.0
Staves         | 1 2 |  2.0
Slings         | 1 2 |  2.0
Bows           | 1 2 |  2.0
Crossbows      | 1 2 |  2.0
Throwing       | 1 2 |  2.0
Dodging        | 1 2 |  2.0
Stealth        | 1 2 |  2.0
Unarmed Combat | 1 2 |  2.0
Spellcasting   | 1 2 |  2.0
Conjurations   | 1 |  1.5
Hexes          | 1 |  1.5
Summonings     | 1 |  1.5
Necromancy     | 1 |  1.5
Translocations | 1 |  1.5
Transmutations | 1 |  1.5
Fire Magic     | 1 |  1.5
Ice Magic      | 1 |  1.5
Air Magic      | 1 |  1.5
Earth Magic    | 1 |  1.5
Poison Magic   | 1 |  1.5
Invocations    | 1 2 |  2.2
Evocations     | 1 2 |  2.0
Long Blades    | 5 |  5.0
Fighting       | |  6.8
Armour         | |  6.8
Shields        | |  6.8

Action                   |  1- 3 |  4- 6 || total
-------------------------+-------+-------++-------
Melee: Long sword        |    66 |   146 ||   212
       Bite              |     5 |    22 ||    27
  Use: Potion            |     1 |     5 ||     6
Armor: Scale mail        |    38 |    27 ||    65
       Chain mail        |       |    37 ||    37
Dodge: Dodged            |    39 |    65 ||   104
Block: Kite shield       |    61 |   111 ||   172
       Rpst.: Long sword |     6 |    18 ||    24

Table legend: (Time is in decaauts)
 A = Elapsed time spent in this place.
 B = Non-inter-level travel time spent in this place.
 C = Inter-level travel time spent in this place.
 D = Time resting spent in this place.
 E = Time spent auto-exploring this place.
 F = Levels seen in this place.
 G = Mean time per level.
                   A        B        C        D        E       F      G
               +--------+--------+--------+--------+--------+-----+--------+
         Total |   2176 |   2150 |     26 |     36 |   1530 |   3 |  725.3 |
       Dungeon |   2176 |   2150 |     26 |     36 |   1530 |   3 |  725.3 |
               +--------+--------+--------+--------+--------+-----+--------+

Top non-repeatable levels by time:
     D:2: 799 daAuts
     D:1: 725 daAuts
     D:3: 651 daAuts
